 Dungeon Crawl Stone Soup version 0.20.0-15-g7f486f2 (webtiles) character file.

4836 4thArraOfDagon the Carver (level 10, -11/91 HPs)
             Began as a Minotaur Berserker on June 11, 2017.
             Was a Believer of Trog.
             Mangled by a wolf spider (15 damage)
             ... on level 10 of the Dungeon.
             The game lasted 00:07:14 (1256 turns).

4thArraOfDagon the Carver (Minotaur Berserker)      Turns: 1256, Time: 00:07:15

Health: -11/91     AC: 13    Str: 23    XL:     10   Next: 25%
Magic:  8/8        EV: 10    Int:  4    God:    Trog [**....]
Gold:   300        SH:  0    Dex: 12    Spells: 9/9 levels left

rFire    . . .     SeeInvis .   k - +0 great sword
rCold    . . .     Gourm    .   (shield currently unavailable)
rNeg     . . .     Faith    .   l - +0 plate armour
rPois    .         Spirit   .   (helmet restricted)
rElec    .         Reflect  .   (no cloak)
rCorr    .         Harm     .   (no gloves)
MR       ++++.                  (no boots)
Stlth    ..........             (no amulet)
Regen    1.3/turn               e - ring of protection from magic
MPRegen  0.2/turn               r - ring of flight

@: lethally poisoned (-11 -> -12), about to teleport, berserk cooldown,
regenerating, slowed, very slow
A: retaliatory headbutt, horns 2, agile 1, low mp 1, magic resistance 1, sense
surroundings 2, screaming 1, weak 1, wild magic 1
a: Berserk, Trog's Hand, Burn Spellbooks, Renounce Religion, Evoke Flight


You were on level 10 of the Dungeon.
You worshipped Trog.
Trog was pleased with you.
You were not hungry.

You visited 1 branch of the dungeon, and saw 9 of its levels.

You collected 300 gold pieces.

Inventory:

Hand Weapons
 a - a +0 falchion
 k - a +0 great sword (weapon)
 t - the +6 dire flail "Sarcophage" {drain, *Noise Str+3 Dex+5, unknown}
   (You took it off a deep elf mage on level 10 of the Dungeon)

   A truly terrible weapon, it drains the life of those it strikes.
   It affects your strength (+3).
   It affects your dexterity (+5).
   It may make noises in combat.
Armour
 b - a +0 animal skin
 h - a +0 ring mail
 l - a +0 plate armour (worn)
 m - a +0 scale mail
Jewellery
 e - a ring of protection from magic (left hand)
 r - a ring of flight (right hand)
 s - an uncursed ring of ice {unknown}
Wands
 g - a wand of lightning (13/15)
Scrolls
 f - a scroll of teleportation
 n - a scroll of remove curse {unknown}
 o - a scroll of blinking
 q - a scroll of enchant weapon {unknown}
Potions
 p - a potion of berserk rage
Comestibles
 c - 2 bread rations
 d - a meat ration
 i - 6 fruits


   Skills:
 + Level 9.0 Fighting
 * Level 11.9 Long Blades
 + Level 8.4 Armour
 + Level 7.4 Dodging


You had 9 spell levels left.
You didn't know any spells.

Dungeon Overview and Level Annotations

Branches:
Dungeon (10/15)            Temple (0/1) D:5
   Lair: D:8-11         Orc: D:9-12

Altars:
Elyvilon
Sif Muna
Xom

Shops:
D:5 %   D:9 %[}

Annotations:
D:8 Psyche


Innate Abilities, Weirdness & Mutations

You reflexively headbutt those who attack you in melee.
You have a pair of horns on your head.
You are agile. (Dex +2)
Your magical capacity is low. (-10% MP)
You are resistant to hostile enchantments. (MR+)
You passively map the area around you.
You occasionally shout uncontrollably at your foes.
You are weak. (Str -2)
Your spells are a little harder to cast, but a little more powerful.


Message History

The wolf spider hits you!
* * * LOW HITPOINT WARNING * * *
The wolf spider barely misses you.
Unknown command.
Unknown command.
The wolf spider hits you!!
* * * LOW HITPOINT WARNING * * *
The wolf spider bites you.
* * * LOW HITPOINT WARNING * * *
You are poisoned.
The wolf spider poisons you!
The wolf spider hits you but does no damage.
The wolf spider bites you but does no damage.
You see here an adder corpse.
Unknown command.
Unknown command.
Unknown command.
You feel very sick. The wolf spider hits you!
You die...

* ,*, , * .#W * ......... ,
, * ,*#.#* #.#.#a#D#. * ,.
,, *,#.#, #..o...... * #. *
#####.#########.#### ...,
#...#.#...##.c...c.# * ...
*#.#.....#.#..#####.. * *
#.. #..##.##..#.##(..##.
*#.##..##.#.#.#.##Y#.(...#,
#....†..@#)#...c.....).#, ,
#.##..##s#.#.#.##.#..)..# *
#.. #..##.##..#.##...## ...
#.#.....#.#..##### , , *
...,* #...#)#...##.. * ,
#.* ######.#########. * , .
.................. , ,
.................. , , ,,,,
.#########........ ,


You could see a wolf spider.

Vanquished Creatures
  An ice dragon (D:10)
  A two-headed ogre (D:10)
  The ghost of greprep the Blocker, a novice MiFi of Qazlal (D:8)
  The ghost of Ferkelamun the Carver, a novice OpFi of Makhleb (D:6)
  A deep elf mage (D:10)
  A freezing wraith (D:10)
  A yak (D:10)
  An orc warrior (D:10)
  2 sky beasts (D:9)
  2 ice beasts (D:9)
  2 ogres
  2 centaurs
  4 bullfrogs
  A wyvern skeleton (D:8)
  A killer bee (D:7)
  2 jellies
  3 bullfrog zombies (D:5)
  3 hounds
  An orc priest (D:5)
  A centaur skeleton (D:10)
  A gnoll shaman (D:6)
  2 orc wizards (D:5)
  5 worker ants
  3 gnolls (D:6)
  3 adders
  A shadow imp (D:10)
  3 orcs
  4 jackals (D:6)
  A quokka (D:6)
55 creatures vanquished.

Notes
Turn   | Place    | Note
-------+----------+-------------------------------------------
     0 | D:1      | 4thArraOfDagon the Minotaur Berserker began the quest for the Orb.
     0 | D:1      | Reached XP level 1. HP: 19/19 MP: 0/0
    47 | D:2      | You fall through a shaft for 2 floors!
    86 | D:4      | Noticed a worker ant
   106 | D:4      | Noticed a hound
   110 | D:4      | Reached skill level 4 in Long Blades
   110 | D:4      | Reached XP level 2. HP: 27/27 MP: 1/1
   115 | D:4      | Reached XP level 3. HP: 31/33 MP: 2/2
   138 | D:4      | Found a shimmering altar of Xom.
   165 | D:5      | Entered Level 5 of the Dungeon
   173 | D:5      | Reached skill level 5 in Long Blades
   173 | D:5      | Reached XP level 4. HP: 23/41 MP: 3/3
   247 | D:5      | Reached XP level 5. HP: 47/47 MP: 4/4
   264 | D:5      | Found Janyrife's Food Boutique.
   306 | D:5      | Reached skill level 6 in Long Blades
   344 | D:5      | Reached skill level 5 in Fighting
   344 | D:5      | Reached XP level 6. HP: 45/56 MP: 5/5
   369 | D:5      | Found a staircase to the Ecumenical Temple.
   403 | D:6      | Noticed Ferkelamun's ghost (novice OpFi)
   413 | D:6      | Killed Ferkelamun's ghost
   413 | D:6      | Reached skill level 7 in Long Blades
   413 | D:6      | Reached skill level 5 in Armour
   413 | D:6      | Reached XP level 7. HP: 59/62 MP: 6/6
   521 | D:7      | Reached ** piety under Trog
   596 | D:8      | Found a white marble altar of Elyvilon.
   665 | D:8      | Found a deep blue altar of Sif Muna.
   671 | D:8      | Reached skill level 8 in Long Blades
   694 | D:8      | Noticed greprep's ghost (novice MiFi)
   758 | D:8      | Killed greprep's ghost
   758 | D:8      | Reached skill level 9 in Long Blades
   758 | D:8      | Reached skill level 5 in Dodging
   758 | D:8      | Reached XP level 8. HP: 35/71 MP: 7/7
   812 | D:8      | Noticed Psyche
   815 | D:9      | Found Alose's Armour Boutique.
   842 | D:9      | Gained mutation: Your spells are a little harder to cast, but a little more powerful. [mutagenic meat]
   843 | D:9      | Gained mutation: You are weak. (Str -2) [mutagenic meat]
   844 | D:9      | Gained mutation: Your magical capacity is low. (-10% MP) [mutagenic meat]
   845 | D:9      | Gained mutation: You are resistant to hostile enchantments. (MR+) [mutagenic meat]
   846 | D:9      | Gained mutation: You occasionally shout uncontrollably at your foes. [mutagenic meat]
   872 | D:9      | Reached XP level 9. HP: 23/79 MP: 7/7
   904 | D:9      | Found Fariz's Gadget Emporium.
   957 | D:9      | Gained mutation: You passively map a small area around you. [mutagenic meat]
   958 | D:9      | Gained mutation: You passively map the area around you. [mutagenic meat]
   959 | D:9      | Gained mutation: Your magical capacity is very low. (-20% MP) [mutagenic meat]
   960 | D:9      | Lost mutation: Your magical capacity is very low. (-20% MP) [mutagenic meat]
   961 | D:9      | Gained mutation: You are agile. (Dex +2) [mutagenic meat]
   983 | D:9      | Reached skill level 10 in Long Blades
  1001 | D:9      | Found Fop Wuve's Food Boutique.
  1084 | D:10     | Entered Level 10 of the Dungeon
  1084 | D:10     | Noticed a two-headed ogre
  1089 | D:10     | Killed a two-headed ogre
  1151 | D:10     | Noticed a deep elf mage
  1161 | D:10     | Killed a deep elf mage
  1161 | D:10     | Reached skill level 11 in Long Blades
  1164 | D:10     | Got a slimy dire flail {drain}
  1206 | D:10     | Noticed an ice dragon
  1210 | D:10     | Turgon: Hi, you have 33 minutes left for a 0.20 win :-)
  1229 | D:10     | Reached XP level 10. HP: 35/90 MP: 8/8
  1236 | D:10     | Killed an ice dragon
  1251 | D:10     | Noticed a wolf spider
  1256 | D:10     | HP: 4/91 [poisoned by a wolf spider]
  1256 | D:10     | Mangled by a wolf spider

Skill      XL: |  1  2  3  4  5  6  7  8  9 10 |
---------------+-------------------------------+-----
Long Blades    | 4 5 6 7 9 11 | 11.9
Fighting       | 4 5 6 7 8 9 |  9.0
Armour         | 3 4 5 6 8 |  8.4
Dodging        | 4 5 7 |  7.4

Action                   |  1- 3 |  4- 6 |  7- 9 | 10-12 || total
-------------------------+-------+-------+-------+-------++-------
Melee: Falchion          |    14 |    33 |    77 |       ||   124
       Headbutt          |     3 |    10 |    25 |     3 ||    41
       Great sword       |       |       |    29 |    13 ||    42
Invok: Berserk           |     1 |     3 |     4 |     1 ||     9
       Trog's Hand       |       |       |     4 |     1 ||     5
  Use: Scroll            |       |       |     6 |     1 ||     7
       Potion            |       |       |     2 |       ||     2
  Eat: Chunk             |       |     2 |    18 |     2 ||    22
Armor: Animal skin       |     1 |       |       |       ||     1
       Ring mail         |       |     2 |       |       ||     2
       Scale mail        |       |     3 |    23 |       ||    26
       Plate armour      |       |       |    13 |    10 ||    23
Dodge: Dodged            |    13 |    27 |    45 |     9 ||    94
       Rpst.: Falchion   |     6 |    12 |     8 |       ||    26
       Great sword       |       |       |     6 |     3 ||     9
